 Dungeon Crawl Stone Soup version 0.29.0-5-ge4962eb29e (webtiles) character file.

Game seed: 10287148488576955771

48754 ragingrage the Severer (level 14, 0/87 HPs)
             Began as a Gargoyle Artificer on Aug 28, 2022.
             Was the Champion of Okawaru.
             Slain by a salamander
             ... wielding a +0 trident
              (10 damage)
             ... in a volcano.
             The game lasted 00:31:00 (20915 turns).

ragingrage the Severer (Gargoyle Artificer)        Turns: 20915, Time: 00:31:00

Health: 0/87       AC: 29    Str: 21    XL:     14   Next: 47%
Magic:  16/20      EV: 11    Int: 16    God:    Okawaru [******]
Gold:   2155       SH:  0    Dex: 14    Spells: 13/13 levels left

rFire   . . .      SeeInvis +   f - +9 battleaxe "Orb Guardian's Foe" {flame, *Noise rElec rC+ rN+}
rCold   + + .      Faith    .   (shield currently unavailable)
rNeg    + + .      Spirit   .   L - +4 troll leather armour of Hicigen {Regen+ Int+4 Dex+4}
rPois   ∞          Reflect  .   B - +0 mask of the Dragon {Will+ Slay+3 SInv}
rElec   +          Harm     .   K - +0 cloak
rCorr   .          Rampage  .   (no gloves)
Will    ++...                   Q - +3 pair of mountain boots {steadfast, rC+}
Stlth   +++.......              i - amulet of regeneration
HPRegen 1.84/turn               R - +4 ring of protection
MPRegen 0.17/turn               V - ring of Shadows {Umbra +Inv Stlth+}

@: finesse-ful, flying, wreathed by umbra
A: sickness immunity, AC +10, big wings, negative energy resistance 1,
electricity resistance, torment resistance 1, petrification resistance, hooves 1
a: Renounce Religion, Evoke Invisibility, Heroism, Finesse, Duel


You were in a volcano.
You worshipped Okawaru.
Okawaru was exalted by your worship.
You visited 3 branches of the dungeon, and saw 19 of its levels.
You also visited: Gauntlet, Ice Cave and Volcano.

You collected 2155 gold pieces.

Inventory:

Hand Weapons
 a - the +8 war axe of the Forest {drain, rPois rCorr Int+4}
   (You found it on level 8 of the Dungeon)

   A truly terrible weapon, it drains the life of any living foe it strikes.
   Int:       It affects your intelligence (+4).
   rPois:     It protects you from poison.
   rCorr:     It protects you from acid and corrosion.
 f - the +9 battleaxe "Orb Guardian's Foe" (weapon) {flame, *Noise rElec rC+ rN+}
   (You acquired it on level 7 of the Dungeon)

   It burns those it strikes, dealing additional fire damage.
   Big, fiery blades are also staple armaments of hydra-hunters.
   rC:        It protects you from cold.
   rElec:     It insulates you from electricity.
   rN:        It protects you from negative energy.
   *Noise:    It may make noises in combat.
 H - a +2 broad axe of flaming
 T - a +2 arbalest of freezing
Missiles
 d - a boomerang of dispersal
 n - 10 boomerangs
 y - 2 curare-tipped darts (quivered)
 D - 12 javelins
 E - 35 poisoned darts
 G - a throwing net
Armour
 B - the +0 mask of the Dragon (worn) {Will+ Slay+3 SInv}
   (You found it in a Gauntlet)

   Slay:      It affects your accuracy & damage with ranged weapons and melee
   (+3).
   SInv:      It lets you see invisible.
   Will:      It increases your willpower.
 K - a +0 cloak (worn)
 L - the +4 troll leather armour of Hicigen (worn) {Regen+ Int+4 Dex+4}
   (Okawaru gifted it to you on level 11 of the Dungeon)

   Int:       It affects your intelligence (+4).
   Dex:       It affects your dexterity (+4).
   Regen:     It increases your rate of health regeneration.
 Q - the +3 pair of mountain boots (worn) {steadfast, rC+}
   (You found it on level 9 of the Dungeon)

   It prevents involuntary movement, except for blinking, teleportation, or
   banishment.
   rC:        It protects you from cold.
Jewellery
 i - an amulet of regeneration (around neck)
 J - a ring of protection from cold
 M - a ring of positive energy
 R - a +4 ring of protection (left hand)
 V - the ring of Shadows (right hand) {Umbra +Inv Stlth+}
   (You found it in a Gauntlet)

   [ring of stealth]

   It surrounds you with an aura of shadow, increasing your stealth and reducing
   the accuracy of all others within it.
   +Inv:      It lets you turn invisible.
   Stlth:     It makes you more stealthy.
Wands
 b - a wand of digging (2)
 c - a wand of flame (28)
 e - a wand of iceblast (2)
 q - a wand of polymorph (7)
 r - a wand of mindburst (22)
 u - a wand of roots (13)
 N - a wand of paralysis (6)
 O - a wand of acid (17)
Scrolls
 j - a scroll of fear
 k - 8 scrolls of enchant armour
 o - 5 scrolls of vulnerability
 w - 3 scrolls of poison
 A - a scroll of blinking
 C - a scroll of immolation
 F - a scroll of teleportation
 I - 4 scrolls of fog
 X - a scroll of brand weapon
 Y - a scroll of magic mapping
 Z - 2 scrolls of enchant weapon
Potions
 g - a potion of invisibility
 h - 3 potions of haste
 l - 6 potions of mutation
 m - 3 potions of curing
 p - 2 potions of might
 t - 2 potions of resistance
 v - 2 potions of attraction
 z - 2 potions of heal wounds
 P - 2 potions of cancellation
 W - a potion of magic
Miscellaneous
 s - a tin of tremorstones (2/2)


   Skills:
 + Level 9.8 Fighting
 * Level 17.0 Axes
 + Level 8.4 Armour
 - Level 0.7 Dodging
 - Level 1.1 Stealth
 - Level 8.0 Shields
 - Level 8.0 Invocations
 + Level 6.2 Evocations


You had 13 spell levels left.
You didn't know any spells.
Your spell library contained the following spells:

 Spells                   Type           Power      Damage    Failure   Level
 Magic Dart               Conj           0%         1d3       28%         1
 Sandblast                Erth           0%         2d4       28%         1
 Shock                    Conj/Air       0%         1d3       28%         1
 Slow                     Hex            0%         N/A       28%         1
 Passwall                 Tmut/Erth      0%         N/A       38%         2
 Searing Ray              Conj           0%         2d4       38%         2
 Confusing Touch          Hex            0%         N/A       63%         3
 Frozen Ramparts          Ice            0%         1d1       63%         3
 Ignite Poison            Fire/Tmut/Pois 0%         N/A       63%         3
 Inner Flame              Hex/Fire       0%         N/A       63%         3
 Mephitic Cloud           Conj/Pois/Air  0%         N/A       63%         3
 Stone Arrow              Conj/Erth      0%         3d7       63%         3
 Swiftness                Air            0%         N/A       63%         3
 Vampiric Draining        Necr           0%         2d6       63%         3
 Airstrike                Air            0%         2d(0-16)  95%         4
 Cause Fear               Hex            0%         N/A       95%         4
 Flame Wave               Conj/Fire      0%         2d4       95%         4
 Fulminant Prism          Conj/Hex       0%         3d6       95%         4
 Ice Form                 Ice/Tmut       0%         N/A       95%         4
 Passage of Golubria      Tloc           0%         N/A       95%         4
 Freezing Cloud           Conj/Ice/Air   0%         6-21      100%        5
 Yara's Violent Unravell  Hex/Tmut       0%         3d3       100%        5
 Enfeeble                 Hex            0%         N/A       100%        7
 Discord                  Hex            0%         N/A       100%        8
 Lehudib's Crystal Spear  Conj/Erth      0%         10d2      100%        8
 Polar Vortex             Ice            0%         N/A       100%        9
 Tukima's Dance           Hex            Unusable   N/A       N/A         3
 Animate Armour           Summ/Erth      Unusable   N/A       N/A         4
 Summon Ice Beast         Ice/Summ       Unusable   N/A       N/A         4
 Simulacrum               Ice/Necr       Unusable   N/A       N/A         6
 Summon Horrible Things   Summ           Unusable   N/A       N/A         8
 Dragon's Call            Summ           Unusable   N/A       N/A         9

Dungeon Overview and Level Annotations

Branches:
Dungeon (13/15)            Temple (1/1) D:6            Lair (5/5) D:11
  Swamp (0/4) Lair:3        Snake (0/4) Lair:3          Orc (0/2) D:9
  IceCv (visited)         Volcano (1/1)             Gauntlet (visited)
  Slime: Lair:4-5    Vaults: D:13-14

Altars:
Ashenzari
Cheibriados
Dithmenos
Elyvilon
Fedhas
Gozag
Hepliaklqana
Makhleb
Nemelex Xobeh
Okawaru
Qazlal
Ru
Trog
Uskayaw
Vehumet
Wu Jian
Xom
Yredelemnul
Zin
The Shining One

Annotations:
D:2 exclusion: downstairs
D:4 exclusion: downstairs
D:5 exclusion: downstairs
D:9 1 runed translucent door, SnakkuSnakku7's ghost, novice TeWr
D:11 3 runed translucent doors, Cavior's ghost, journeyman DsGl


Innate Abilities, Weirdness & Mutations

You are immune to sickness and miasma.
Your stone body is resilient. (AC +10)
You are immune to poison.
Your large and strong wings let you fly.
You resist negative energy. (rN+)
You are resistant to electric shocks. (rElec)
You are resistant to unholy torment.
You are immune to petrification.
You have large cloven feet.


Message History

You hit the salamander. You closely miss the salamander.
You slice the salamander mystic!!
The salamander mystic is almost dead.
You hit the salamander but do no damage.
Your battleaxe "Orb Guardian's Foe" recites a poem.
You barely miss the salamander.
The salamander hits you with a +0 trident.
You are engulfed in flames!
The salamander hits you but does no damage.
The salamander mystic casts a spell at the salamander.
The salamander seems to speed up.
You slash the salamander mystic!
You kill the salamander mystic!
Okawaru accepts your kill.
You hit the salamander. You slash the salamander!
Your Axes skill increases to level 17!
You slash the salamander!
The salamander is severely wounded.
You closely miss the salamander. The salamander barely misses you.
The salamander hits you with a +0 trident.
You are engulfed in flames!
You closely miss the salamander.
The salamander is severely wounded.
You slice the salamander!!
You kill the salamander!
Okawaru accepts your kill. The salamander barely misses you.
You barely miss the salamander.
The salamander is severely wounded.
You slash the salamander!
The salamander is almost dead.
The salamander hits you with a +0 trident!
You are engulfed in flames!
* * * LOW HITPOINT WARNING * * *
You closely miss the salamander.
The salamander is almost dead.
The salamander hits you with a +0 trident!
* * * LOW HITPOINT WARNING * * *
You are engulfed in flames!
You die...

##...≈≈≈≈§
#........
#...##..#
#.### ##
##.##
####.#
##≈≈.###
#≈≈!∩):##
#§≈≈$)@N#
##≈≈[))##
#§§≈§$#
#§§§§##
##§§##
####


You could see a salamander (fast).

Vanquished Creatures
  A reaper (IceCv)
  An entropy weaver (Gauntlet)
  A minotaur (Gauntlet)
  Josephine (D:11)
  3 hydras
  A boulder beetle (D:12)
  A catoblepas (Lair:1)
  A two-headed ogre (D:12)
  Lodul (D:11)
  A salamander mystic (Volcano)
  A glowing orange brain (Gauntlet)
  Pikel (D:6)
  2 ugly things (Gauntlet)
  A wolf spider (Gauntlet)
  A salamander (Volcano)
  A cyclops (D:12)
  An eye of devastation (Gauntlet)
  4 elephants (Lair:4)
  2 black mambas
  2 gargoyles
  An unseen horror (D:12)
  2 ice statues (IceCv)
  4 cane toads
  5 kobold demonologists
  4 rime drakes
  3 komodo dragons
  Psyche (D:7)
  2 anaconda simulacra (IceCv)
  10 ice devils
  4 trolls
  3 polar bears
  A hornet (D:9)
  Grinder (D:6)
  8 blink frogs
  Prince Ribbit (D:7)
  8 slime creatures (D:12)
  A jumping spider (Gauntlet)
  3 centaur simulacra (D:11)
  A dire elephant simulacrum (IceCv)
  2 shadows
  3 wyverns
  59 yaks
  7 wraiths
  3 vampires
  5 basilisks
  5 vampire mosquitoes
  A steam dragon (D:7)
  A death yak simulacrum (IceCv)
  A redback (Gauntlet)
  Edmund (D:5)
  3 nagas (Lair:3)
  10 water moccasins
  A floating eye (Gauntlet)
  4 orc warriors
  2 ice beasts
  19 wolves
  10 ogres
  2 centaurs
  A phantom (D:5)
  A lemure (D:6)
  5 kobold brigands
  12 bullfrogs
  A cane toad simulacrum (IceCv)
  A scorpion (D:4)
  4 two-headed ogre simulacra (IceCv)
  5 wights (D:8)
  13 killer bees
  A vampire bat (D:4)
  6 howler monkeys
  2 electric eels (D:11)
  2 jellies
  9 orc priests
  6 hounds
  2 iguanas
  Natasha (thrice) (D:2)
  8 orc wizards
  7 hell rats
  A polar bear simulacrum (IceCv)
  2 troll simulacra (IceCv)
  3 spriggan simulacra (IceCv)
  2 wolf simulacra (IceCv)
  3 gnolls (D:5)
  2 naga simulacra (IceCv)
  5 adders
  9 river rats (Lair:2)
  2 shadow imps
  6 white imps
  4 ufetubi
  A worm (D:3)
  45 orcs
  10 bats
  5 endoplasms (D:1)
  3 giant cockroaches
  15 goblins
  4 hobgoblins
  2 jackals (D:5)
  7 quokkas
  5 ball pythons
  2 frilled lizards
  21 kobolds
  5 rats
483 creatures vanquished.

Vanquished Creatures (collateral kills)
  An orc priest (D:5)
  A jelly (D:5)
  2 gnolls (D:5)
  2 orcs (D:5)
  An endoplasm (D:1)
7 creatures vanquished.

Vanquished Creatures (others)
  A centaur (D:5)
  3 lemures (D:6)
  An orc wizard (D:6)
  2 gnolls (D:5)
  2 jackals (D:1)
  A kobold (D:4)
  2 bushes (D:9)
  8 fungi
  30 plants
  A withered plant (Gauntlet)
51 creatures vanquished.

Grand Total: 541 creatures vanquished

Notes
Turn   | Place    | Note
-------+----------+-------------------------------------------
     0 | D:1      | ragingrage the Gargoyle Artificer began the quest for the
                  | Orb.
     0 | D:1      | Reached XP level 1. HP: 12/12 MP: 1/1
   252 | D:1      | Reached XP level 2. HP: 13/17 MP: 2/2
  1184 | D:1      | Found a faded altar of an unknown god.
  1553 | D:1      | Reached XP level 3. HP: 22/22 MP: 3/3
  2101 | D:2      | Noticed Natasha
  2110 | D:2      | Killed Natasha
  2416 | D:2      | Reached XP level 4. HP: 26/28 MP: 4/4
  2975 | D:2      | Noticed Natasha
  2977 | D:2      | Killed Natasha
  3168 | D:2      | Noticed Natasha
  3173 | D:2      | Killed Natasha
  3335 | D:3      | Reached XP level 5. HP: 32/33 MP: 5/5
  3891 | D:3      | Noticed an ogre
  4035 | D:4      | Reached skill level 1 in Axes
  4218 | D:4      | Reached XP level 6. HP: 21/39 MP: 6/6
  4628 | D:4      | Reached skill level 2 in Axes
  4887 | D:5      | Entered Level 5 of the Dungeon
  5430 | D:5      | Noticed Edmund
  5549 | D:5      | Reached skill level 3 in Axes
  5549 | D:5      | Reached skill level 5 in Evocations
  5549 | D:5      | Reached XP level 7. HP: 29/44 MP: 7/7
  5631 | D:5      | Killed Edmund
  5632 | D:5      | Reached skill level 4 in Axes
  6559 | D:6      | Reached skill level 5 in Axes
  7047 | D:6      | Noticed Pikel
  7087 | D:6      | Killed Pikel
  7088 | D:6      | Reached skill level 7 in Axes
  7088 | D:6      | Reached XP level 8. HP: 47/48 MP: 8/8
  7323 | D:6      | Found a staircase to the Ecumenical Temple.
  7330 | Temple   | Entered the Ecumenical Temple
  7435 | Temple   | Became a worshipper of Warmaster Okawaru
  8065 | D:6      | Noticed Grinder
  8095 | D:6      | Killed Grinder
  8095 | D:6      | Reached * piety under Okawaru
  8096 | D:6      | Reached skill level 8 in Axes
  8907 | D:6      | Reached XP level 9. HP: 32/52 MP: 9/9
  9353 | D:7      | Reached skill level 9 in Axes
  9414 | D:7      | Gained mutation: You have large cloven feet. [potion of
                  | mutation]
  9676 | D:7      | Identified a scroll of acquirement
  9676 | D:7      | Acquired the +9 battleaxe "Orb Guardian's Foe" {flame,
                  | *Noise rElec rC+ rN+}
  9829 | D:7      | Noticed Prince Ribbit
  9842 | D:7      | Killed Prince Ribbit
  9842 | D:7      | Reached ** piety under Okawaru
  9843 | D:7      | Reached skill level 10 in Axes
 10820 | D:8      | Noticed Psyche
 10835 | D:7      | Killed Psyche
 10970 | D:8      | Reached skill level 11 in Axes
 11041 | D:8      | Reached XP level 10. HP: 11/58 MP: 10/10
 11047 | D:8      | Reached *** piety under Okawaru
 11489 | D:8      | Reached skill level 12 in Axes
 11722 | D:8      | Noticed Maurice
 11723 | D:8      | Noticed Maurice
 11723 | D:8      | Maurice changed into Maurice the killer bee
 11728 | D:8      | Killed Maurice the killer bee
 12478 | D:8      | Identified the +8 war axe of the Forest {drain, rPois rCorr
                  | Int+4}
 12823 | D:9      | Found a radiant altar of Vehumet.
 12854 | D:9      | Reached **** piety under Okawaru
 13043 | D:9      | Found a runed translucent door.
 13046 | D:9      | Noticed SnakkuSnakku7's ghost (novice TeWr)
 13046 | D:9      | Identified the +9 spear "Onko" {holy, Int+4 SInv}
 13100 | D:9      | Found a staircase to the Orcish Mines.
 13354 | D:9      | Reached skill level 13 in Axes
 13565 | D:9      | Found a blossoming altar of Fedhas.
 13812 | D:9      | Found the +3 pair of mountain boots {steadfast, rC+}
 14042 | D:10     | Entered Level 10 of the Dungeon
 14042 | D:10     | Noticed a gargoyle
 14052 | D:10     | Killed a gargoyle
 14053 | D:10     | Reached XP level 11. HP: 27/62 MP: 11/11
 14253 | D:10     | Reached skill level 14 in Axes
 14375 | D:10     | Reached ***** piety under Okawaru
 14535 | D:10     | Received a gift from Okawaru
 14677 | D:10     | Noticed Joseph
 14678 | D:10     | Noticed Joseph
 14678 | D:10     | Joseph changed into Joseph the rime drake
 14686 | D:10     | Killed Joseph the rime drake
 14687 | D:10     | Reached skill level 15 in Axes
 14944 | D:10     | Found an opulent altar of Gozag.
 14944 | D:10     | Found a glowing silver altar of Zin.
 15029 | D:11     | Reached skill level 1 in Shields
 15035 | D:11     | Noticed Josephine
 15067 | D:11     | Killed Josephine
 15068 | D:11     | Reached skill level 1 in Invocations
 15070 | D:11     | Reached skill level 5 in Fighting
 15122 | D:11     | Identified the +4 troll leather armour of Hicigen {Regen+
                  | Int+4 Dex+4} (Okawaru gifted it to you on level 11 of the
                  | Dungeon)
 15122 | D:11     | Received a gift from Okawaru
 15123 | D:11     | Reached XP level 12. HP: 59/68 MP: 13/13
 15193 | D:11     | Found a staircase to the Lair.
 15241 | D:11     | Found a frozen archway.
 15265 | IceCv    | Entered an ice cave
 15595 | IceCv    | Reached skill level 16 in Axes
 15596 | IceCv    | Noticed a reaper
 15616 | IceCv    | Killed a reaper
 15617 | IceCv    | Reached skill level 5 in Armour
 15860 | D:11     | Found a runed translucent gate.
 15860 | D:11     | Found a runed translucent gate.
 15860 | D:11     | Found a runed translucent gate.
 15875 | D:11     | Noticed Lodul
 15907 | D:11     | Killed Lodul
 15910 | D:11     | Reached skill level 5 in Shields
 15981 | D:11     | Reached skill level 5 in Invocations
 16330 | D:11     | Noticed Cavior's ghost (journeyman DsGl)
 16471 | D:12     | Reached XP level 13. HP: 62/76 MP: 15/17
 16515 | D:12     | Received a gift from Okawaru
 16577 | D:12     | Acquired 660 gold pieces
 17160 | Lair:1   | Entered Level 1 of the Lair of Beasts
 17220 | Lair:1   | Identified the +2 battleaxe "Ytsutulig" {flame, rPois
                  | Dex+3} (Okawaru gifted it to you on level 1 of the Lair of
                  | Beasts)
 17220 | Lair:1   | Received a gift from Okawaru
 17302 | Lair:1   | Reached ****** piety under Okawaru
 18573 | Lair:2   | Identified the +8 dagger "Zuavuipp" {freeze, rElec rPois
                  | Str+2 Stlth+}
 18669 | Lair:2   | Received a gift from Okawaru
 19122 | Lair:3   | Found a staircase to the Snake Pit.
 19138 | Lair:3   | Gained mutation: Your large and strong wings let you fly.
                  | [Gargoyle growth]
 19138 | Lair:3   | Reached XP level 14. HP: 86/86 MP: 19/19
 19426 | Lair:3   | Found a staircase to the Swamp.
 19743 | Lair:4   | Found a gate leading to a gauntlet.
 19753 | Gauntlet | Entered a Gauntlet
 19753 | Gauntlet | Found a transporter.
 19753 | Gauntlet | Found a transporter.
 19757 | Gauntlet | Found a transporter.
 19757 | Gauntlet | Found a transporter.
 19759 | Gauntlet | Found the ring of Shadows {Umbra +Inv Stlth+}
 19760 | Gauntlet | Found a transporter.
 19798 | Gauntlet | Found a transporter.
 19799 | Gauntlet | Noticed an entropy weaver
 19801 | Gauntlet | Found a transporter.
 19801 | Gauntlet | Found a transporter.
 19813 | Gauntlet | Found a transporter.
 19830 | Gauntlet | Found a runed translucent door.
 19831 | Gauntlet | Found a transporter.
 19832 | Gauntlet | Found a runed translucent door.
 19841 | Gauntlet | Found a transporter.
 19856 | Gauntlet | Found a transporter.
 19877 | Gauntlet | Found a transporter.
 19888 | Gauntlet | Found a transporter.
 19991 | Gauntlet | Received a gift from Okawaru
 19996 | Gauntlet | Killed an entropy weaver
 20050 | Gauntlet | Identified the ring "Ceobrush" {Ice Contam Str+9 Stlth+}
 20076 | Gauntlet | Found the +0 mask of the Dragon {Will+ Slay+3 SInv}
 20095 | Gauntlet | Got the Atlas of the Flock and Conflagration
 20097 | Gauntlet | Identified the +0 helmet of Awe {Int+7}
 20104 | Gauntlet | Identified the +5 kite shield of Wrong Decisions {rPois rC+
                  | rN+}
 20852 | Lair:5   | Entered Level 5 of the Lair of Beasts
 20869 | Lair:5   | Found a dark tunnel.
 20878 | Volcano  | Entered a volcano
 20911 | Volcano  | Reached skill level 17 in Axes
 20915 | Volcano  | Slain by a salamander

Illustrated notes

Levels and vault maps discovered:
D:1:      minmay_arrival_hallway, layout_loops_ring,
          shapermc_ecumenical_altar_mp_ritualfount
D:2:      layout_basic, minmay_misc_feat_encased, minmay_misc_feat_chi,
          minmay_pentomino_pile, uniq_natasha
D:3:      layout_basic, minmay_ogre_servants
D:4:      layout_basic, roderic_batcave
D:5:      layout_rooms, kennysheep_minor_cross, uniq_edmund
D:6:      layout_layer_cave, minmay_temple_entry_offerings, serial_rivers,
          chequers_serial_rivers_micro_b, chequers_serial_rivers_large_a,
          chequers_serial_rivers_room_b, chequers_serial_rivers_small_a,
          chequers_serial_rivers_micro_a, chequers_serial_rivers_micro_a,
          uniq_pikel, uniq_grinder
D:7:      layout_basic, uniq_prince_ribbit1
D:8:      kennysheep_ambush_hall, layout_layer_cave, uniq_maurice, uniq_psyche
D:9:      layout_layer_cave, fedhas_bush_and_centaur_altar,
          nicolae_vehumet_radiance, orc_0_dummy, ebering_ghost_funeral_grove,
          kennysheep_flooded_box, bh_walls_and_bars
D:10:     layout_roguey, grunt_temple_overflow_gold_and_silver,
          minmay_diced_spiral, uniq_joseph
D:11:     layout_basic, erik_lair_island, gammafunk_ghost_spectres, serial_ice,
          serial_ice_a, serial_ice_l, serial_ice_m, serial_ice_g, serial_ice_n,
          serial_ice_e, portal_ice_cave_demonic_guard, uniq_lodul,
          uniq_josephine
D:12:     minmay_spotlight, layout_rooms
D:13:     layout_roguey, david_vaults_2, lightli_airlock
Temple:   regret_index_temple_chain_breaker
Lair:1:   layout_chaotic_city
Lair:2:   layout_roguey, chequers_serial_rivers_small_a, kennysheep_rathole
Lair:3:   layout_gridlike, swamp_mist_pool, guppyfry_snake_entry_garden,
          columned_hall_lemuel, grunt_megastairs_2
Lair:4:   layout_cave_pods, gauntlet_entry_generic, lemuel_fruit_fields
Lair:5:   cheibrodos_lair_end_hotspot, layout_regular_city, slime_entry_1,
          serial_bayou, serial_bayou_pond_b, serial_bayou_crossing,
          serial_bayou_lagoon_a, serial_bayou_shore_b, enter_volcano_2
Volcano:  volcano_pools

Skill      XL: |  1  2  3  4  5  6  7  8  9 10 11 12 13 14 |
---------------+-------------------------------------------+-----
Fighting       | 2 3 4 5 7 9 |  9.8
Evocations     | 3 4 5 6 |  6.2
Axes           | 1 3 7 8 11 13 15 16 17 | 17.0
Shields        | 2 5 7 8 |  8.0
Armour         | 3 6 7 8 |  8.4
Invocations    | 1 5 7 8 |  8.0
Dodging        | |  0.7
Stealth        | |  1.1

Action                   |  1- 3 |  4- 6 |  7- 9 | 10-12 | 13-15 || total
-------------------------+-------+-------+-------+-------+-------++-------
Melee: Club              |    21 |       |       |       |       ||    21
       Mace              |    68 |    34 |       |       |       ||   102
       Hand axe          |       |   180 |    80 |       |       ||   260
       Punch             |       |     2 |     4 |     2 |       ||     8
       Whip              |       |       |   102 |       |       ||   102
       Battleaxe         |       |       |    41 |   181 |   387 ||   609
       Kick              |       |       |    13 |    18 |       ||    31
       War axe           |       |       |       |   335 |       ||   335
 Fire: Sling             |       |    15 |     8 |       |       ||    23
Throw: Dart              |       |     9 |    29 |       |     1 ||    39
       Boomerang         |       |       |    27 |     5 |       ||    32
       Javelin           |       |       |       |     8 |       ||     8
Invok: Heroism           |       |       |     2 |     7 |     2 ||    11
       Finesse           |       |       |       |     2 |     4 ||     6
Evoke: Wand              |     7 |    11 |    16 |     2 |       ||    36
  Use: Scroll            |       |     2 |     3 |    10 |     7 ||    22
       Potion            |       |       |     7 |     1 |     1 ||     9
 Stab: Distracted        |     1 |       |       |     1 |     1 ||     3
       Sleeping          |       |     1 |       |       |     5 ||     6
Armor: Leather armour    |    43 |    88 |       |       |       ||   131
       Scale mail        |       |    67 |   127 |   149 |       ||   343
       Troll leather arm |       |       |       |    92 |   210 ||   302
Dodge: Dodged            |    66 |   174 |    96 |   189 |   179 ||   704
Block: Buckler           |       |       |       |    22 |       ||    22
